 Dungeon Crawl Stone Soup version 0.19-a0-1792-g28b16ba (webtiles) character file.

291 twist the Skirmisher (level 6, -2/102 HPs)
             Began as an Ogre Hunter on Oct 4, 2016.
             Killed by divine providence
             ... invoked by an orc priest
              (11 damage)
             ... on level 4 of the Dungeon.
             The game lasted 00:07:16 (3438 turns).

twist the Skirmisher (Ogre Hunter)                  Turns: 3438, Time: 00:07:17

Health: -2/102     AC: 23    Str: 18    XL:     6   Next: 32%
Magic:  6/6        EV:  1    Int: 10    God:
Gold:   104        SH:  0    Dex: 12    Spells: 0 memorised, 5 levels left

rFire  . . .     SeeInvis .     r - +0 mace
rCold  . . .     Gourm    .     (armour currently unavailable)
rNeg   + + +     Faith    .     (no shield)
rPois  +         Spirit   .     (helmet currently unavailable)
rElec  .         Dismiss  .     (cloak currently unavailable)
rCorr  .         Reflect  .     (gloves unavailable)
MR     .....     Harm     .     (boots unavailable)
Stlth  ++........ NoTele   +    (no amulet)
                                (no ring)
                                (no ring)

@: tree-form
A: unfitting armour, (tough skin 0)
a: no special abilities


You were on level 4 of the Dungeon.
You were not hungry.
You were a tree.
You visited 1 branch of the dungeon, and saw 4 of its levels.

You collected 104 gold pieces.

Inventory:

Hand Weapons
 a - a +0 short sword
 r - a +0 mace (weapon)
Missiles
 c - 5 large rocks (quivered)
 d - 2 throwing nets
 l - 4 poisoned javelins
 o - 21 poisoned needles
Armour
 b - a +0 robe (melded)
 n - a +1 cloak of invisibility (melded)
Scrolls
 h - a scroll of recharging {unknown}
 m - 3 scrolls of amnesia {unknown}
Potions
 e - 2 potions of flight {unknown}
 g - 2 potions of agility {unknown}
 i - 2 potions of heal wounds {unknown}
 p - 4 potions of curing
Comestibles
 f - 2 bread rations
 k - 2 slices of pizza
 q - 15 chunks of flesh


   Skills:
 - Level 6.8 Fighting
 + Level 4.3 Maces & Flails
 - Level 4.3 Throwing
 - Level 1.7 Dodging
 - Level 0.7 Stealth


You had 5 spell levels left.
You didn't know any spells.

Dungeon Overview and Level Annotations

Branches:
Dungeon (4/15)
 Temple: D:4-7

Altars:
Yredelemnul


Innate Abilities, Weirdness & Mutations

You are too large for most types of armour.
((You have tough skin. (AC +1)))


Message History

The orc priest calls upon Beogh to heal the orc wizard.
The orc wizard's wounds heal themselves!
The orc hits you but does no damage.
The orc wizard hits you but does no damage.
You hit the orc priest.
The orc priest is severely wounded.
The orc priest hits you but does no damage.
The orc wizard hits you but does no damage.
The orc hits you but does no damage.
The orc wizard hits you but does no damage.
The orc priest hits you but does no damage.
You barely miss the orc priest.
The orc priest is severely wounded.
The orc wizard hits you but does no damage.
The orc hits you with a hand axe.
* * * LOW HITPOINT WARNING * * *
The orc hits you but does no damage.
The orc priest mumbles some strange prayers to Beogh against you.
Beogh smites you!
You die...

.#.......###.#.###..........
.#.......#####...#..........
............#P.P.#..........
#.......#..#.P.P#..........
#....>..##.#....#..........
####...######..P.P...##.....
#......# ####.P....# ....
#.##.#.#####..###.÷.###.....
#.#..#....÷....o♣...........
.........####..ooo....#... .
........................#.
.............)............
#......#...##........../..
###.####...##.............
#.# ###.###............ #.#
..###...#...#.. ... .#
.###..


You could see an orc priest, an orc wizard and 2 orcs.

Vanquished Creatures
  A howler monkey (D:4)
  An iguana (D:4)
  Natasha (thrice) (D:3)
  A gnoll (D:1)
  7 adders
  An adder skeleton (D:4)
  2 worms (D:3)
  A dart slug (D:2)
  6 leopard geckos
  An orc (D:3)
  A ball python (D:1)
  9 bats
  2 giant cockroaches (D:3)
  4 goblins
  5 hobgoblins
  4 jackals (D:4)
  5 quokkas
  5 frilled lizards
  3 kobolds
  A quokka skeleton (D:4)
  4 rats
67 creatures vanquished.

Vanquished Creatures (others)
  A plant (D:4)
1 creature vanquished.

Grand Total: 68 creatures vanquished

Notes
Turn   | Place    | Note
-------+----------+-------------------------------------------
     0 | D:1      | twist the Ogre Hunter began the quest for the Orb.
     0 | D:1      | Reached XP level 1. HP: 22/22 MP: 1/1
   118 | D:1      | Reached skill level 3 in Fighting
   213 | D:1      | Reached XP level 2. HP: 17/32 MP: 2/2
   367 | D:1      | Reached skill level 4 in Fighting
   753 | D:2      | Reached XP level 3. HP: 31/41 MP: 3/3
   857 | D:2      | Reached skill level 5 in Fighting
  1092 | D:2      | Reached XP level 4. HP: 47/50 MP: 4/4
  1700 | D:3      | Noticed Natasha
  1712 | D:3      | Killed Natasha
  1712 | D:3      | Reached skill level 6 in Fighting
  2044 | D:3      | Reached XP level 5. HP: 46/61 MP: 5/5
  2146 | D:3      | Noticed Natasha
  2151 | D:3      | Killed Natasha
  2746 | D:3      | Noticed Natasha
  2757 | D:3      | Killed Natasha
  2757 | D:3      | Reached skill level 1 in Maces & Flails
  3167 | D:4      | Reached XP level 6. HP: 60/68 MP: 6/6
  3210 | D:4      | Found a basalt altar of Yredelemnul.
  3438 | D:4      | Killed from afar by an orc priest

Vault maps used:
D:1:      dpeg_arrival_rooms_b
D:3:      kennysheep_nub, uniq_natasha
D:4:      zin_angel, nicolae_overflow_hidden_temple, minmay_lizard_king

Skill      XL: |  1  2  3  4  5  6 |
---------------+-------------------+-----
Fighting       | 3 4 5 6 |  6.8
Maces & Flails | 3 4 |  4.3
Throwing       | |  4.3
Dodging        | |  1.7
Stealth        | |  0.7

Action                   |  1- 3 |  4- 6 || total
-------------------------+-------+-------++-------
Melee: Short sword       |    82 |   158 ||   240
       Mace              |       |   131 ||   131
Throw: Large rock        |       |     3 ||     3
  Use: Scroll            |       |     5 ||     5
       Potion            |       |     1 ||     1
 Stab: Sleeping          |     2 |       ||     2
  Eat: Chunk             |     1 |     8 ||     9
Armor: Robe              |    27 |   114 ||   141
       Skin              |       |    15 ||    15
Dodge: Dodged            |    49 |   177 ||   226
